[ AOE2 MATCH · #504602028 ]
UnrankedSicilians vs Magyars
Player's team · LOSS
Rival team · WIN
[ REPLAY ANALYSIS · EXTRACTED FROM THE RECORDED GAME ]
Feudal
10:54
Castle
—
Imperial
—
| APM avg | 60.6 |
| APM peak | 89 |
| eAPM avg | 35.7 |
| Villagers / military | 148 / 40 |
Focus
⚔️ 33.8% · 🌾 66.2%
Serjeant ×22 · Spearman ×18
Feudal
11:02
Castle
16:00
Imperial
—
| APM avg | 37.6 |
| APM peak | 64 |
| eAPM avg | 23.0 |
| Villagers / military | 82 / 32 |
Focus
⚔️ 19.7% · 🌾 80.3%
Magyar Huszar ×32
Match map
Initial resources + every placement click. Lines = walls · curves = elevation contours. ◆ gold · ⬟ stone · ● berries · ✦ relic · ◌ wall gap
Your base· Open — unwalled flank
Omit the Wise's base· Open — unwalled flank
Smoothed initial terrain · ◌ = detected wall gap · hover for details
Inputs per minute
— Fabrizio 094455 - - Omit the Wise
Build order — Fabrizio 094455
First 150 of 292 actions detected
| 0:01 | Create | Villager (Male) |
| 0:01 | Create | Villager (Male) |
| 0:02 | Create | Villager (Male) |
| 0:02 | Build | House |
| 0:04 | Build | House |
| 0:05 | Create | Villager (Male) |
| 0:05 | Create | Villager (Male) |
| 0:07 | Build | House |
| 0:09 | Build | House |
| 0:50 | Create | Villager (Male) |
| 0:50 | Create | Villager (Male) |
| 0:50 | Create | Villager (Male) |
| 0:51 | Research | Loom |
| 0:52 | Research | Loom |
| 1:28 | Create | Villager (Male) |
| 1:28 | Create | Villager (Male) |
| 1:32 | Create | Villager (Male) |
| 1:32 | Create | Villager (Male) |
| 2:05 | Create | Villager (Male) |
| 2:05 | Create | Villager (Male) |
| 2:13 | Create | Villager (Male) |
| 2:13 | Create | Villager (Male) |
| 2:29 | Create | Villager (Male) |
| 2:30 | Create | Villager (Male) |
| 2:44 | Build | Lumber Camp |
| 2:47 | Create | Villager (Male) |
| 2:47 | Create | Villager (Male) |
| 2:50 | Create | Villager (Male) |
| 2:50 | Create | Villager (Male) |
| 3:05 | Build | Lumber Camp |
| 3:14 | Create | Villager (Male) |
| 3:14 | Create | Villager (Male) |
| 3:31 | Create | Villager (Male) |
| 3:31 | Create | Villager (Male) |
| 3:31 | Create | Villager (Male) |
| 3:31 | Create | Villager (Male) |
| 3:49 | Create | Villager (Male) |
| 3:50 | Create | Villager (Male) |
| 3:50 | Create | Villager (Male) |
| 3:53 | Create | Villager (Male) |
| 3:53 | Create | Villager (Male) |
| 4:17 | Create | Villager (Male) |
| 4:17 | Create | Villager (Male) |
| 4:21 | Create | Villager (Male) |
| 4:32 | Create | Villager (Male) |
| 4:43 | Build | Mill |
| 4:48 | Create | Villager (Male) |
| 4:58 | Create | Villager (Male) |
| 4:58 | Create | Villager (Male) |
| 5:17 | Build | House |
| 5:24 | Build | Mill |
| 5:33 | Build | House |
| 5:45 | Create | Villager (Male) |
| 5:45 | Create | Villager (Male) |
| 6:06 | Build | House |
| 6:08 | Create | Villager (Male) |
| 6:20 | Create | Villager (Male) |
| 6:26 | Create | Villager (Male) |
| 6:26 | Create | Villager (Male) |
| 6:58 | Build | Mining Camp |
| 7:01 | Create | Villager (Male) |
| 7:01 | Create | Villager (Male) |
| 7:06 | Build | Mining Camp |
| 7:12 | Create | Villager (Male) |
| 7:16 | Build | Mill |
| 7:26 | Create | Villager (Male) |
| 7:42 | Create | Villager (Male) |
| 7:46 | Create | Villager (Male) |
| 7:52 | Build | Lumber Camp |
| 8:10 | Create | Villager (Male) |
| 8:24 | Create | Villager (Male) |
| 8:25 | Create | Villager (Male) |
| 8:30 | Build | Mill |
| 8:44 | Research | Feudal Age |
| 8:44 | Research | Feudal Age |
| 8:45 | Research | Feudal Age |
| 8:46 | Create | Villager (Male) |
| 9:00 | Create | Villager (Male) |
| 9:11 | Create | Villager (Male) |
| 9:24 | Build | Donjon |
| 9:34 | Build | Donjon |
| 9:36 | Create | Villager (Male) |
| 9:45 | Build | House |
| 9:47 | Build | House |
| 10:01 | Create | Villager (Male) |
| 10:01 | Create | Villager (Male) |
| 10:26 | Create | Villager (Male) |
| 10:26 | Create | Villager (Male) |
| 10:31 | Create | Villager (Male) |
| 10:31 | Create | Villager (Male) |
| 10:43 | Create | Villager (Male) |
| 10:43 | Create | Villager (Male) |
| 10:46 | Create | Villager (Male) |
| 10:46 | Create | Villager (Male) |
| 10:54 | Age | Feudal Age |
| 11:07 | Create | Villager (Male) |
| 11:07 | Create | Villager (Male) |
| 11:26 | Create | Villager (Male) |
| 11:26 | Create | Villager (Male) |
| 11:32 | Build | Donjon |
| 11:39 | Create | Villager (Male) |
| 11:39 | Create | Villager (Male) |
| 11:41 | Build | Farm |
| 11:41 | Build | Farm |
| 11:41 | Build | Farm |
| 11:41 | Build | Farm |
| 11:42 | Build | Farm |
| 11:42 | Build | Farm |
| 11:42 | Build | Farm |
| 11:49 | Create | Villager (Male) |
| 11:49 | Create | Villager (Male) |
| 12:09 | Build | Mining Camp |
| 12:10 | Create | Villager (Male) |
| 12:16 | Build | House |
| 12:16 | Build | House |
| 12:42 | Create | Villager (Male) |
| 12:44 | Create | Villager (Male) |
| 13:03 | Build | Mining Camp |
| 13:07 | Create | Villager (Male) |
| 13:13 | Create | Villager (Male) |
| 13:18 | Build | Donjon |
| 13:27 | Create | Serjeant |
| 13:27 | Create | Serjeant |
| 13:30 | Research | Double-Bit Axe |
| 13:30 | Research | Double-Bit Axe |
| 13:32 | Create | Villager (Male) |
| 13:32 | Create | Villager (Male) |
| 13:44 | Create | Villager (Male) |
| 14:13 | Create | Serjeant |
| 14:14 | Create | Serjeant |
| 14:15 | Create | Villager (Male) |
| 14:16 | Create | Villager (Male) |
| 14:19 | Build | House |
| 14:20 | Build | House |
| 14:27 | Research | Wheelbarrow |
| 14:28 | Research | Wheelbarrow |
| 14:28 | Research | Town Watch |
| 14:28 | Research | Town Watch |
| 14:35 | Build | Donjon |
| 14:37 | Create | Serjeant |
| 14:37 | Create | Serjeant |
| 14:37 | Create | Serjeant |
| 14:41 | Create | Villager (Male) |
| 14:42 | Create | Villager (Male) |
| 14:56 | Create | Villager (Male) |
| 14:57 | Create | Villager (Male) |
| 15:18 | Build | Donjon |
| 15:20 | Create | Serjeant |
| 15:21 | Create | Serjeant |
| 15:23 | Create | Villager (Male) |
Build order — Omit the Wise
First 150 of 189 actions detected
| 0:00 | Create | Villager (Male) |
| 0:00 | Create | Villager (Male) |
| 0:01 | Create | Villager (Male) |
| 0:02 | Build | House |
| 0:03 | Build | House |
| 0:10 | Build | House |
| 0:11 | Build | House |
| 0:16 | Create | Villager (Male) |
| 1:16 | Create | Villager (Male) |
| 1:19 | Build | Lumber Camp |
| 1:32 | Create | Villager (Male) |
| 1:49 | Create | Villager (Male) |
| 1:59 | Research | Loom |
| 2:02 | Create | Villager (Male) |
| 2:31 | Create | Villager (Male) |
| 2:36 | Create | Villager (Male) |
| 3:00 | Create | Villager (Male) |
| 3:15 | Create | Villager (Male) |
| 3:23 | Create | Villager (Male) |
| 3:34 | Create | Villager (Male) |
| 3:55 | Create | Villager (Male) |
| 4:14 | Create | Villager (Male) |
| 4:15 | Create | Villager (Male) |
| 4:26 | Build | House |
| 4:28 | Build | Mill |
| 4:38 | Create | Villager (Male) |
| 5:12 | Create | Villager (Male) |
| 5:12 | Create | Villager (Male) |
| 5:28 | Create | Villager (Male) |
| 5:28 | Create | Villager (Male) |
| 5:29 | Create | Villager (Male) |
| 5:40 | Build | Mill |
| 5:42 | Create | Villager (Male) |
| 5:57 | Create | Villager (Male) |
| 6:08 | Build | House |
| 6:09 | Build | House |
| 6:19 | Create | Villager (Male) |
| 6:37 | Build | House |
| 6:43 | Build | House |
| 6:43 | Create | Villager (Male) |
| 6:46 | Create | Villager (Male) |
| 6:46 | Create | Villager (Male) |
| 7:09 | Create | Villager (Male) |
| 7:09 | Create | Villager (Male) |
| 7:15 | Create | Villager (Male) |
| 7:30 | Build | House |
| 7:31 | Build | House |
| 7:37 | Build | Farm |
| 7:37 | Build | Farm |
| 7:38 | Build | Farm |
| 7:52 | Create | Villager (Male) |
| 8:13 | Build | Mining Camp |
| 8:19 | Create | Villager (Male) |
| 8:20 | Create | Villager (Male) |
| 8:24 | Build | Farm |
| 8:32 | Build | House |
| 8:52 | Research | Feudal Age |
| 8:56 | Build | House |
| 9:13 | Build | House |
| 9:15 | Build | House |
| 9:19 | Build | House |
| 9:43 | Create | Villager (Male) |
| 10:12 | Create | Villager (Male) |
| 10:23 | Build | Barracks |
| 11:02 | Age | Feudal Age |
| 11:02 | Build | Mining Camp |
| 11:04 | Create | Villager (Male) |
| 11:10 | Build | Mining Camp |
| 11:14 | Build | Farm |
| 11:25 | Build | Blacksmith |
| 11:40 | Create | Villager (Male) |
| 11:40 | Create | Villager (Male) |
| 11:49 | Create | Villager (Male) |
| 11:50 | Create | Villager (Male) |
| 12:14 | Build | Market |
| 12:18 | Create | Villager (Male) |
| 12:27 | Build | Farm |
| 13:18 | Build | Mining Camp |
| 13:20 | Research | Castle Age |
| 13:32 | Build | Mining Camp |
| 13:34 | Build | Farm |
| 13:38 | Build | Farm |
| 14:02 | Create | Villager (Male) |
| 14:02 | Create | Villager (Male) |
| 14:06 | Research | Horse Collar |
| 14:19 | Build | Farm |
| 14:22 | Build | House |
| 14:44 | Build | Farm |
| 15:13 | Build | Farm |
| 15:18 | Build | Farm |
| 15:40 | Create | Villager (Male) |
| 15:41 | Create | Villager (Male) |
| 16:00 | Age | Castle Age |
| 16:02 | Build | Castle |
| 16:04 | Create | Villager (Male) |
| 16:08 | Research | Scale Barding Armor |
| 16:49 | Build | Farm |
| 17:03 | Create | Villager (Male) |
| 17:04 | Create | Villager (Male) |
| 17:31 | Create | Villager (Male) |
| 17:31 | Create | Villager (Male) |
| 17:43 | Build | Farm |
| 17:53 | Build | Lumber Camp |
| 17:56 | Create | Magyar Huszar |
| 17:56 | Create | Magyar Huszar |
| 17:56 | Create | Magyar Huszar |
| 17:57 | Create | Magyar Huszar |
| 18:21 | Create | Villager (Male) |
| 18:21 | Create | Villager (Male) |
| 18:31 | Create | Villager (Male) |
| 18:39 | Build | Farm |
| 18:45 | Create | Magyar Huszar |
| 18:45 | Create | Magyar Huszar |
| 18:45 | Create | Magyar Huszar |
| 18:56 | Create | Magyar Huszar |
| 18:59 | Build | Farm |
| 19:03 | Create | Magyar Huszar |
| 19:09 | Create | Magyar Huszar |
| 19:09 | Create | Magyar Huszar |
| 19:26 | Create | Villager (Male) |
| 19:36 | Create | Magyar Huszar |
| 19:45 | Create | Villager (Male) |
| 19:56 | Create | Villager (Male) |
| 20:17 | Create | Magyar Huszar |
| 20:18 | Create | Magyar Huszar |
| 20:27 | Create | Villager (Male) |
| 20:27 | Create | Villager (Male) |
| 20:30 | Build | Farm |
| 20:30 | Build | Farm |
| 20:30 | Build | Farm |
| 20:30 | Build | Farm |
| 20:48 | Create | Villager (Male) |
| 21:01 | Create | Villager (Male) |
| 21:27 | Create | Villager (Male) |
| 21:31 | Create | Villager (Male) |
| 22:11 | Create | Villager (Male) |
| 22:11 | Create | Villager (Male) |
| 22:17 | Create | Magyar Huszar |
| 22:17 | Create | Magyar Huszar |
| 22:24 | Build | Farm |
| 22:24 | Build | Farm |
| 22:27 | Create | Magyar Huszar |
| 22:39 | Build | Farm |
| 22:52 | Create | Villager (Male) |
| 22:52 | Create | Villager (Male) |
| 22:55 | Build | Farm |
| 22:55 | Build | Farm |
| 22:55 | Build | Farm |
| 22:56 | Build | Farm |
| 22:59 | Create | Magyar Huszar |
Match timeline
| 9:24 | Fabrizio 094455 · first_building Donjon |
| 10:23 | Omit the Wise · first_building Barracks |
| 10:54 | Fabrizio 094455 · age_up feudal |
| 11:02 | Omit the Wise · age_up feudal |
| 15:05 | Omit the Wise · first_market_buy 100 stone |
| 16:00 | Omit the Wise · age_up castle |
| 16:02 | Omit the Wise · first_building Castle |
| 18:04 | Fabrizio 094455 · first_building Barracks |
| 20:22 | Fabrizio 094455 · wall_segment Palisade Wall x1 |
| 20:26 | Fabrizio 094455 · wall_segment Palisade Wall x1 |
| 23:15 | Omit the Wise · first_market_sell 100 wood |
| 25:19 | Omit the Wise · wall_segment Palisade Wall x1 |
| 26:15 | Fabrizio 094455 · resign |
[ AI ANALYSIS · 1 CREDIT ]
What really happened in this match?
Wolo.gg analyzes every decision: build order, eco, micro, common mistakes by bracket. Personalized analysis on WhatsApp or Discord in 30 seconds.
Civ guide
Sicilians
Perfil
Jugador #5843090